Map: Kairos Junction LE

Players

uThermal

  • Race: Terran Terran
  • Spawn Location: 11:00

Clem - Winner!

  • Race: Terran Terran
  • Spawn Location: 5:00

Event: 2019 WCS Summer

VOD

Have the link to the VOD?

Description

Time

  • Played on: July 13, 2019, 10:06 a.m.
  • Length: 10:39

All games in this series

Show
View Real Time Build Order
Export as new Build Order

uThermal Terran 

Build Orders: Gas First Reaper Expand, Liberator Opening 

Get SALT Encoding   

  12  0:01  SCV  
  13  0:13  SCV  
  14  0:17  Supply Depot  
  14  0:25  SCV  
  14  0:27  Refinery  
  15  0:38  SCV  
  16  0:44  Barracks  
  16  0:50  SCV  
  17  1:02  SCV  
  18  1:15  SCV  
  19  1:31  Orbital Command, Reaper  
  20  1:44  Command Center  
  20  1:57  SCV  
  20  1:59  Factory  
  21  2:04  Barracks Reactor  
  21  2:09  SCV  
  21  2:13  Supply Depot  
  22  2:21  SCV  
  23  2:23  Refinery  
  23  2:34  SCV  
  23  2:47  Starport, SCV  
  23  2:51  Hellion x2  
  26  2:59  Barracks Tech Lab  
  26  3:00  SCV  
  26  3:04  Supply Depot  
  27  3:12  SCV, Hellion  
  29  3:20  Marauder  
  29  3:26  Hellion, Medivac  
  35  3:33  Hellion  
  35  3:34  Concussive Shells  
  37  3:42  Marauder  
  39  3:56  Liberator  
  39  4:13  SCV  
  39  4:14  Hellion x2  
  47  4:17  Orbital Command  
  47  4:26  SCV  
  48  4:36  Hellion  
  48  4:37  Hellion  
  48  4:38  SCV  
  51  4:45  SCV  
  51  4:50  SCV  
  53  4:58  SCV, Supply Depot  
  54  5:08  Supply Depot  
  54  5:12  Factory Tech Lab  
  54  5:18  Refinery  
  54  5:19  Raven, Marine x2, SCV x2  
  60  5:23  Supply Depot  
  60  5:31  SCV x2  
  62  5:36  Siege Tank  
  62  5:37  Marine x2  
  67  5:43  SCV  
  67  5:44  SCV  
  69  5:52  Command Center  
  69  5:55  Marine x2  
  69  5:56  SCV  
  72  6:00  Supply Depot  
  72  6:02  Raven  
  72  6:03  SCV  
  75  6:08  SCV  
  75  6:10  Refinery  
  76  6:14  Supply Depot  
  76  6:15  SCV  
  77  6:20  Siege Tank  
  77  6:24  Marine, SCV  
  80  6:28  SCV  
  80  6:30  Marine  
  80  6:36  SCV  
  79  6:40  SCV, Supply Depot  
  77  6:48  SCV  
  77  6:52  Siege Tank, SCV  
  76  6:55  Viking  
  76  6:56  Viking  
  76  6:58  Marine  
  76  7:00  SCV  
  82  7:05  Orbital Command  
  82  7:08  SCV  
  83  7:16  Marine  
  83  7:19  SCV  
  81  7:24  Siege Tank  
  81  7:25  Viking  
  81  7:26  Viking  
  80  7:30  SCV  
  80  7:34  Marine  
  75  7:43  SCV  
  54  7:51  Marine  
  54  7:55  Viking  
  54  7:57  Siege Tank  
  57  8:00  Orbital Command  
  57  8:06  SCV  
  57  8:09  Marine  
  48  8:13  SCV  
  48  8:18  SCV  
  49  8:25  Liberator, SCV x2  
  51  8:27  Marine  
  51  8:29  Siege Tank  
  51  8:30  SCV  
  51  8:32  Viking  
  58  8:37  SCV x2  
  60  8:45  Marine, SCV  
  65  8:49  SCV  
  65  8:51  SCV  
  67  8:58  SCV  
  67  9:02  Viking  
  71  9:03  SCV  
  71  9:06  Siege Tank  
  74  9:10  SCV  
  74  9:14  Marine  
  74  9:15  SCV  
  77  9:22  SCV  
  78  9:25  Viking  
  78  9:27  SCV  
  78  9:28  Armory  
  78  9:29  Armory  
  80  9:35  SCV  
  80  9:38  Siege Tank  
  84  9:39  SCV  
  83  9:46  Engineering Bay  
  83  9:47  SCV  
  83  9:49  Viking  
  83  9:51  SCV  
  84  9:59  Viking, SCV  
  77  10:00  Marine  
  77  10:03  SCV  
  77  10:11  SCV  
  81  10:15  SCV  
  81  10:18  Marine  
  83  10:23  SCV  
Show
View Real Time Build Order
Export as new Build Order

Clem Terran - Winner!

Build Orders:  

Get SALT Encoding   

  12  0:00  SCV  
  13  0:13  SCV  
  14  0:17  Supply Depot  
  14  0:25  SCV  
  15  0:29  Refinery  
  15  0:38  SCV  
  16  0:43  Barracks  
  16  0:50  SCV  
  16  0:55  Refinery  
  17  1:03  SCV  
  18  1:15  SCV  
  19  1:29  Orbital Command  
  19  1:32  Factory  
  19  1:34  Reaper  
  20  1:43  Supply Depot  
  20  1:56  SCV  
  21  2:06  Reaper  
  21  2:08  SCV  
  23  2:16  Hellion  
  23  2:20  SCV  
  26  2:34  Command Center  
  26  2:35  SCV  
  26  2:39  Hellion  
  26  2:42  Reaper  
  29  2:49  Supply Depot  
  29  2:50  SCV  
  30  2:59  Starport  
  30  3:03  SCV  
  30  3:05  Factory Tech Lab  
  31  3:17  Barracks Tech Lab  
  31  3:19  SCV  
  32  3:24  Cyclone  
  35  3:31  SCV  
  36  3:41  Refinery  
  36  3:43  SCV  
  36  3:47  Orbital Command  
  37  3:54  Raven  
  37  3:55  Barracks Reactor, SCV  
  39  4:07  Cyclone  
  39  4:08  SCV  
  43  4:11  Supply Depot  
  43  4:15  SCV  
  44  4:20  SCV  
  44  4:23  Command Center  
  45  4:30  SCV  
  46  4:31  Marine x2  
  46  4:32  SCV  
  47  4:39  Siege Tank  
  50  4:48  Raven  
  50  4:49  Marine x2, SCV  
  55  4:58  SCV, Supply Depot  
  56  5:01  SCV  
  57  5:07  Refinery  
  57  5:09  Marine x2  
  57  5:11  SCV  
  60  5:16  SCV  
  60  5:20  Siege Tank  
  64  5:22  Supply Depot  
  64  5:23  SCV  
  64  5:28  SCV  
  66  5:35  Orbital Command  
  65  5:36  SCV  
  63  5:43  SCV  
  63  5:44  Viking  
  63  5:48  SCV  
  66  5:50  Viking  
  66  5:55  Siege Tank, SCV  
  66  5:57  Marine  
  72  6:00  SCV  
  75  6:07  Stimpack, SCV  
  75  6:08  Orbital Command  
  75  6:09  Supply Depot  
  75  6:12  SCV  
  75  6:14  Marine  
  75  6:18  Viking  
  76  6:20  Viking  
  78  6:26  SCV x2, Supply Depot  
  78  6:29  Siege Tank  
  78  6:32  Marine  
  79  6:33  SCV  
  79  6:38  SCV x2  
  75  6:45  SCV  
  74  6:50  Marine  
  75  6:57  Viking  
  76  7:02  Viking  
  79  7:08  SCV x2  
  79  7:09  SCV  
  79  7:12  Marine  
  73  7:20  SCV x2  
  73  7:21  SCV  
  70  7:28  Siege Tank  
  72  7:30  Marine  
  72  7:32  SCV x2  
  72  7:33  SCV  
  69  7:44  Viking, SCV  
  60  7:48  Marine  
  60  7:50  Viking  
  61  7:54  SCV  
  61  7:58  SCV x2  
  59  8:06  Marine, SCV  
  59  8:12  Siege Tank  
  53  8:16  SCV  
  52  8:20  Viking  
  52  8:24  Viking  
  52  8:27  Marine  
  56  8:30  SCV  
  56  8:33  SCV  
  59  8:34  SCV  
  60  8:43  SCV  
  60  8:44  Siege Tank  
  60  8:45  SCV  
  60  8:46  Marine, SCV  
  67  8:55  Viking, SCV  
  70  8:57  Viking, SCV  
  70  8:58  SCV  
  74  9:06  Marine  
  75  9:10  SCV x2  
  75  9:11  Barracks  
  75  9:12  Barracks  
  75  9:15  SCV  
  78  9:17  Siege Tank  
  78  9:19  Combat Shield  
  78  9:23  Supply Depot  
  81  9:24  Marine  
  81  9:26  SCV  
  81  9:29  SCV  
  81  9:31  Viking  
  85  9:32  Viking  
  85  9:35  SCV  
  88  9:40  SCV  
  88  9:41  Supply Depot  
  88  9:42  Marine  
  88  9:43  SCV  
  91  9:47  SCV  
  86  9:53  Siege Tank, SCV  
  86  9:56  SCV  
  86  9:59  Marine, SCV  
  82  10:02  Barracks Reactor x2  
  82  10:05  SCV  
  83  10:09  Viking  
  85  10:15  Barracks x2  
  85  10:18  SCV  
  85  10:19  SCV  
  85  10:20  Marine  
  90  10:23  SCV  
  90  10:27  Supply Depot  
Tags
 
Add a new tag
Caveats
  • Supply blocks, unpowered buildings, or Contaminate may cause inaccurate times.
  • Supply counts are checked every 10 seconds.